 Dungeon Crawl Stone Soup version 0.20-a0-640-g62ed22f (webtiles) character file.

357 polly the Slasher (level 6, -3/46 HPs)
             Began as a Demonspawn Gladiator on Feb 13, 2017.
             Slain by a gnoll
             ... wielding a +0 flail
              (14 damage)
             ... on level 3 of the Dungeon.
             The game lasted 00:03:31 (2267 turns).

polly the Slasher (Demonspawn Gladiator)            Turns: 2267, Time: 00:03:32

Health: -3/46      AC:  7    Str: 16    XL:     6   Next: 36%
Magic:  6/6        EV: 10    Int: 10    God:
Gold:   161        SH:  8    Dex: 14    Spells: 5/5 levels left

rFire    . . .     SeeInvis .   a - +0 long sword
rCold    . . .     Gourm    .   b - +0 leather armour
rNeg     . . .     Faith    .   q - +0 shield
rPois    .         Spirit   .   (helmet restricted)
rElec    .         Reflect  .   (no cloak)
rCorr    .         Harm     .   (no gloves)
MR       .....                  (no boots)
Stlth    +.........             (no amulet)
Regen    0.2/turn               (no ring)
MPRegen  0.1/turn               (no ring)

@: no status effects
A: antennae 1, fangs 1, iridescent scales 2, spiny 1, rot immunity
a: no special abilities


You were on level 3 of the Dungeon.
You were not hungry.

You visited 1 branch of the dungeon, and saw 3 of its levels.

You collected 161 gold pieces.

Inventory:

Hand Weapons
 a - a +0 long sword (weapon)
Missiles
 d - 3 throwing nets (quivered)
Armour
 b - a +0 leather armour (worn)
 c - a +0 helmet
 q - a +0 shield (worn)
Jewellery
 l - an uncursed ring of magical power {unknown}
Wands
 s - a wand of scattershot (6/9)
Scrolls
 e - 2 scrolls of fog {unknown}
 g - a scroll of remove curse
 h - 4 scrolls of identify {unknown}
 m - a scroll of random uselessness {unknown}
 n - a scroll of magic mapping {unknown}
 o - a scroll of blinking {unknown}
 p - a scroll of noise {unknown}
 r - a scroll of teleportation {unknown}
 t - a scroll of fear {unknown}
Potions
 i - 2 potions of cancellation {unknown}
 k - a potion of lignification
Comestibles
 f - a bread ration
 j - a royal jelly


   Skills:
 + Level 2.9 Fighting
 + Level 5.0 Long Blades
 + Level 1.9 Throwing
 + Level 1.4 Armour
 + Level 3.6 Dodging
 + Level 0.6 Stealth
 + Level 1.2 Shields


You had 5 spell levels left.
You didn't know any spells.

Dungeon Overview and Level Annotations

Branches:
Dungeon (3/15)

Altars:
Gozag
Nemelex Xobeh
Okawaru
Vehumet
Xom
Zin


Innate Abilities, Weirdness & Mutations

You have a pair of small antennae on your head.
You are mostly covered in iridescent scales. (AC +4)
You are partially covered in sharp spines.
You are immune to rotting.
You have very sharp teeth.


Message History

You are too injured to fight recklessly!
You are too injured to fight recklessly!
You are too injured to fight recklessly!
You are too injured to fight recklessly!
You are too injured to fight recklessly!
You are too injured to fight recklessly!
You are too injured to fight recklessly!
You are too injured to fight recklessly!
You are too injured to fight recklessly!
You are too injured to fight recklessly!
You are too injured to fight recklessly!
You are too injured to fight recklessly!
You are too injured to fight recklessly!
You are too injured to fight recklessly!
You are too injured to fight recklessly!
You are too injured to fight recklessly!
You barely miss the gnoll.
The gnoll is severely wounded.
The gnoll is struck by your spines. The gnoll hits you with a flail!
You die...

#. #...###.### #.
#.####.........# #.
##.##.....###.#.#
#..().....###.#.###
#..##.##..#........
#..##.##...........
#..##.###.#........
#.g##.# #.#..)...^.
#.@##.# #...†....).
#..##.# #...)......
#..##.###..........
#..................
#.....(......#........
#..#.###########.#....
#..## #.##... #.
....... #. ##.###..


You could see a gnoll.

Vanquished Creatures
  Grinder (D:3)
  Robin (D:3)
  2 gnolls (D:3)
  5 adders
  2 oozes
  A worm (D:3)
  3 dart slugs
  3 leopard geckos
  An orc (D:3)
  A ball python (D:2)
  6 giant cockroaches
  10 goblins
  11 hobgoblins
  3 jackals (D:2)
  A quokka (D:3)
  3 bats
  A frilled lizard (D:1)
  6 kobolds
  6 rats
67 creatures vanquished.

Vanquished Creatures (others)
  A kobold (D:2)
1 creature vanquished.

Grand Total: 68 creatures vanquished

Notes
Turn   | Place    | Note
-------+----------+-------------------------------------------
     0 | D:1      | polly the Demonspawn Gladiator began the quest for the Orb.
     0 | D:1      | Reached XP level 1. HP: 16/16 MP: 1/1
   190 | D:1      | Gained mutation: You are partially covered in sharp spines. [demonic ancestry]
   190 | D:1      | Reached XP level 2. HP: 17/22 MP: 2/2
   593 | D:1      | Reached skill level 3 in Long Blades
   992 | D:2      | Reached XP level 3. HP: 27/28 MP: 3/3
  1174 | D:2      | Found a sparkling altar of Nemelex Xobeh.
  1174 | D:2      | Found a faded altar of an unknown god.
  1179 | D:2      | Found an iron altar of Okawaru.
  1181 | D:2      | Found a shimmering altar of Xom.
  1183 | D:2      | Found a faded altar of an unknown god.
  1251 | D:2      | Found an opulent altar of Gozag.
  1252 | D:2      | Found a glowing silver altar of Zin.
  1374 | D:2      | Found a radiant altar of Vehumet.
  1586 | D:3      | Gained mutation: You are partially covered in iridescent scales. (AC +2) [demonic ancestry]
  1586 | D:3      | Reached XP level 4. HP: 34/34 MP: 4/4
  1619 | D:3      | Reached skill level 1 in Armour
  1841 | D:3      | Reached skill level 4 in Long Blades
  1934 | D:3      | Noticed Grinder
  1936 | D:3      | Noticed Robin
  1952 | D:3      | Gained mutation: You are mostly covered in iridescent scales. (AC +4) [potion of mutation]
  1952 | D:3      | Gained mutation: You have very sharp teeth. [potion of mutation]
  1967 | D:3      | Killed Robin
  1984 | D:3      | HP: 1/34 [Grinder (2)]
  1985 | D:3      | Killed Grinder
  1985 | D:3      | Reached skill level 1 in Shields
  1985 | D:3      | Gained mutation: You are immune to rotting. [demonic ancestry]
  1985 | D:3      | Reached XP level 5. HP: 1/40 MP: 5/5
  1985 | D:3      | Gained mutation: You have a pair of small antennae on your head. [demonic ancestry]
  1985 | D:3      | Reached XP level 6. HP: 1/46 MP: 6/6
  2224 | D:3      | Reached skill level 5 in Long Blades
  2267 | D:3      | Slain by a gnoll

Vault maps used:
D:1:      dpeg_arrival_pond
D:2:      grunt_temple_overflow_gold_and_silver, fiery_altar_vehumet,
          chequers_temple_overflow_minitemple, grunt_decor_fettered, hex_medium
D:3:      nicolae_overflow_hidden_temple, first_bread, portal_sewer_entry_d,
          uniq_grinder, uniq_robin

Skill      XL: |  1  2  3  4  5  6 |
---------------+-------------------+-----
Dodging        | 3 |  3.6
Long Blades    | 3 4 5 |  5.0
Armour         | 1 |  1.4
Shields        | 1 |  1.2
Fighting       | |  2.9
Throwing       | |  1.9
Stealth        | |  0.6

Action                   |  1- 3 |  4- 6 || total
-------------------------+-------+-------++-------
Melee: Long sword        |    72 |    84 ||   156
       Bite              |       |     2 ||     2
  Use: Potion            |       |     4 ||     4
       Scroll            |       |     1 ||     1
  Eat: Bread ration      |     1 |       ||     1
Armor: Leather armour    |    22 |    26 ||    48
       Skin              |       |    10 ||    10
Dodge: Dodged            |    52 |    30 ||    82
Block: Shield            |       |    33 ||    33
       Rpst.: Long sword |    15 |     7 ||    22
